 Dungeon Crawl Stone Soup version 0.27-a0-1090-gb115f176c6 (webtiles) character file.

Game seed: 216097925865562971

60 dolemite99 the Ducker (level 4, -3/41 HPs)
             Began as a Gnoll Monk on Apr 28, 2021.
             Splashed by Ijyb's acid (19 damage)
             ... on level 3 of the Dungeon.
             The game lasted 00:06:12 (2452 turns).

dolemite99 the Ducker (Gnoll Monk)                  Turns: 2452, Time: 00:06:12

Health: -3/41      AC:  4    Str: 12    XL:     4   Next: 4%
Magic:  5/5        EV:  7    Int: 15    God:
Gold:   112        SH:  0    Dex: 14    Spells: 5/5 levels left

rFire    . . .     SeeInvis .   a - +0 short sword (venom)
rCold    . . .     Faith    .   (no shield)
rNeg     . . .     Spirit   .   v - +0 chain mail
rPois    .         Reflect  .   (no helmet)
rElec    .         Harm     .   (no cloak)
rCorr    .         Rampage  .   (no gloves)
Will     .....                  (no boots)
Stlth    ..........             (no amulet)
HPRegen  0.13/turn              m - +6 ring of intelligence
MPRegen  0.09/turn              (no ring)

@: weak-willed, corroded
A: fangs 1, strong nose, distributed training
a: no special abilities


You were on level 3 of the Dungeon.
You visited 1 branch of the dungeon, and saw 3 of its levels.

You collected 112 gold pieces.

Inventory:

Hand Weapons
 a - a +0 short sword of venom (weapon)
 e - a +2 short sword of speed
 q - a +0 falchion
Missiles
 i - 37 stones
 j - 8 boomerangs
 k - 19 sling bullets
 n - 4 silver javelins
 x - 12 poisoned darts (quivered)
Armour
 b - a +0 robe
 h - a +0 leather armour
 o - a +1 ring mail
 v - a +0 chain mail (worn)
Jewellery
 c - a +6 ring of intelligence
 m - a +6 ring of intelligence (left hand)
Scrolls
 l - a scroll of enchant armour
Potions
 p - 2 potions of curing
 r - a potion of ambrosia {unknown}
 t - a potion of mutation {unknown}
 w - a potion of attraction {unknown}


   Skills:
 + Level 6.5 Fighting
 + Level 1.0 Short Blades
 + Level 6.5 Long Blades
 + Level 1.0 Axes
 + Level 1.0 Maces & Flails
 + Level 1.0 Polearms
 + Level 1.0 Staves
 + Level 1.0 Slings
 + Level 1.0 Bows
 + Level 1.0 Crossbows
 + Level 1.0 Throwing
 + Level 1.0 Armour
 + Level 6.5 Dodging
 + Level 4.2 Stealth
 + Level 1.0 Shields
 + Level 1.0 Unarmed Combat
 + Level 1.0 Spellcasting
 + Level 0.7 Conjurations
 + Level 0.7 Hexes
 + Level 0.7 Summonings
 + Level 0.7 Necromancy
 + Level 0.7 Translocations
 + Level 0.7 Transmutations
 + Level 0.7 Fire Magic
 + Level 0.7 Ice Magic
 + Level 0.7 Air Magic
 + Level 0.7 Earth Magic
 + Level 0.7 Poison Magic
 + Level 1.1 Invocations
 + Level 1.0 Evocations


You had 5 spell levels left.
You didn't know any spells.
Your spell library contained the following spells:

 Spells                   Type           Power      Damage    Failure   Level
 Beastly Appendage        Tmut           6%         N/A       100%        1
 Magic Dart               Conj           12%        1d3       100%        1
 Searing Ray              Conj           6%         3d3       100%        2
 Wereblood                Tmut           3%         N/A       100%        2
 Dazzling Flash           Conj/Hex       6%         N/A       100%        3
 Spider Form              Tmut/Pois      1%         N/A       100%        3
 Fulminant Prism          Conj/Hex       1%         3d6       100%        4
 Ice Form                 Ice/Tmut       3%         N/A       100%        4
 Iskenderun's Mystic Bla  Conj/Tloc      3%         2d3       100%        4
 Hydra Form               Tmut           1%         N/A       100%        5


Dungeon Overview and Level Annotations

Branches:
Dungeon (3/15)

Altars:

Annotations:
D:3 Ijyb


Innate Abilities, Weirdness & Mutations

You have very sharp teeth.
Your uncanny sense of smell can sniff out nearby items.
Your experience applies equally to all skills.


Message History

x - 12 poisoned darts (gained 1) No target in view!
Ijyb is nearby!
Okay, then.
As you read the scroll of identify {@r1}, it crumbles to dust.
p - 2 potions of curing Ijyb zaps a wand.
The bolt of acid hits you!
You are splashed with acid!
Okay, then.
As you read the scroll labelled PATHOI JEH SEY, it crumbles to dust.
Magic quickly surges around you.
It was a scroll of vulnerability.
Ijyb hits you but does no damage.
It was a potion of heal wounds.
You feel much better. Ijyb barely misses you.
As you read the scroll labelled UDDACU WU CEGG, it crumbles to dust.
You hear a loud clanging noise!
It was a scroll of noise.
You hear a shout! x2
Ijyb zaps a wand.
The bolt of acid hits you!
You are splashed with acid!
As you read the scroll labelled INIGE BYMURI, it crumbles to dust.
Wisps of shadow whirl around you...
It was a scroll of summoning.
Ijyb hits you but does no damage.
You swap places.
Your giant cockroach bites Ijyb but does no damage.
Your frilled lizard misses Ijyb.
Ijyb hits your giant cockroach with a +0 club.
Your giant cockroach dies!
Your giant cockroach's corpse dissolves into shadows!
Your frilled lizard misses Ijyb.
Things that are here:
a +0 whip; a +0 ring mail; a kobold corpse Something barely misses your frilled lizard.
Your frilled lizard closely misses Ijyb.
Ijyb hits your frilled lizard with a +0 club.
Your frilled lizard dies!
Your frilled lizard's corpse dissolves into shadows!
Your endoplasm freezes Ijyb.
Ijyb is frozen.
Ijyb completely resists.
There is a stone staircase leading up here.
Ijyb zaps a wand.
The bolt of acid hits you! The acid corrodes you!
You are splashed with acid!!
You die...

#........### #... #####....#
############### #....#
#.#.##....##### #.##.#
#....#.##...).. #....#
#..gJ†.gJ..J...
#####'##########..##..##......
#.....................###'####
#.........###..†...#......####
#............@..#..#..........
#......[........####..........
#...............#####''.......
#..................####.......
#########...#......###########
#####..............#
####..............#
#^................#
#.........#########∆


You could see Ijyb (weak-willed, ally target) and a friendly endoplasm
(summoned).

Vanquished Creatures
  2 worms
  2 dart slugs (D:1)
  7 ball pythons
  A bat (D:2)
  2 endoplasms
  A giant cockroach (D:3)
  A goblin (D:1)
  6 hobgoblins
  3 jackals (D:1)
  10 kobolds
  5 quokkas
  A frilled lizard (D:3)
  4 rats
45 creatures vanquished.

Vanquished Creatures (others)
  3 fungi (D:3)
3 creatures vanquished.

Grand Total: 48 creatures vanquished

Notes
Turn   | Place    | Note
-------+----------+-------------------------------------------
     0 | D:1      | dolemite99 the Gnoll Monk began the quest for the Orb.
     0 | D:1      | Reached XP level 1. HP: 23/23 MP: 1/1
   195 | D:1      | Reached XP level 2. HP: 22/29 MP: 2/2
   701 | D:1      | Found a faded altar of an unknown god.
   896 | D:1      | Reached XP level 3. HP: 35/35 MP: 3/3
  1322 | D:2      | Reached skill level 1 in Invocations
  2130 | D:3      | Noticed Ijyb
  2162 | D:3      | Reached skill level 1 in Short Blades
  2162 | D:3      | Reached skill level 1 in Axes
  2162 | D:3      | Reached skill level 1 in Maces & Flails
  2162 | D:3      | Reached skill level 1 in Polearms
  2162 | D:3      | Reached skill level 1 in Staves
  2162 | D:3      | Reached skill level 1 in Slings
  2162 | D:3      | Reached skill level 1 in Bows
  2162 | D:3      | Reached skill level 1 in Crossbows
  2162 | D:3      | Reached skill level 1 in Throwing
  2162 | D:3      | Reached skill level 1 in Armour
  2162 | D:3      | Reached skill level 1 in Shields
  2162 | D:3      | Reached skill level 1 in Unarmed Combat
  2162 | D:3      | Reached skill level 1 in Spellcasting
  2162 | D:3      | Reached skill level 1 in Evocations
  2281 | D:3      | Reached XP level 4. HP: 41/41 MP: 5/5
  2452 | D:3      | Splashed by Ijyb's acid

Illustrated notes

Levels and vault maps discovered:
D:1:      ncdulo_lavacross, layout_loops_ring,
          hellmonk_ecumenical_altar_dog_temple
D:2:      layout_loops_ring
D:3:      layout_basic, lemuel_old_faithful, uniq_crazy_yiuf_cottage, uniq_ijyb

Skill      XL: |  1  2  3 |
---------------+----------+-----
Invocations    | 1 |  1.1
Short Blades   | 1 |  1.0
Axes           | 1 |  1.0
Maces & Flails | 1 |  1.0
Polearms       | 1 |  1.0
Staves         | 1 |  1.0
Slings         | 1 |  1.0
Bows           | 1 |  1.0
Crossbows      | 1 |  1.0
Throwing       | 1 |  1.0
Armour         | 1 |  1.0
Shields        | 1 |  1.0
Unarmed Combat | 1 |  1.0
Spellcasting   | 1 |  1.0
Evocations     | 1 |  1.0
Fighting       | |  6.5
Long Blades    | |  6.5
Dodging        | |  6.5
Stealth        | |  4.2
Conjurations   | |  0.7
Hexes          | |  0.7
Summonings     | |  0.7
Necromancy     | |  0.7
Translocations | |  0.7
Transmutations | |  0.7
Fire Magic     | |  0.7
Ice Magic      | |  0.7
Air Magic      | |  0.7
Earth Magic    | |  0.7
Poison Magic   | |  0.7

Action                   |  1- 3 |  4- 6 || total
-------------------------+-------+-------++-------
Melee: Short sword       |   118 |     3 ||   121
       Falchion          |     5 |       ||     5
       Bite              |    12 |       ||    12
Throw: Stone             |     9 |       ||     9
       Dart              |       |     2 ||     2
  Use: Scroll            |     3 |     4 ||     7
       Potion            |       |     1 ||     1
 Stab: Sleeping          |     5 |       ||     5
Armor: Robe              |     2 |       ||     2
       Leather armour    |     3 |       ||     3
       Chain mail        |    11 |     4 ||    15
       Ring mail         |    11 |       ||    11
Dodge: Dodged            |    57 |     4 ||    61
       Rpst.: Falchion   |     1 |       ||     1

Table legend: (Time is in decaauts)
 A = Elapsed time spent in this place.
 B = Non-inter-level travel time spent in this place.
 C = Inter-level travel time spent in this place.
 D = Time resting spent in this place.
 E = Time spent auto-exploring this place.
 F = Levels seen in this place.
 G = Mean time per level.
                   A        B        C        D        E       F      G
               +--------+--------+--------+--------+--------+-----+--------+
         Total |   2433 |   2372 |     61 |    405 |   1396 |   3 |  811.0 |
       Dungeon |   2433 |   2372 |     61 |    405 |   1396 |   3 |  811.0 |
               +--------+--------+--------+--------+--------+-----+--------+

Top non-repeatable levels by time:
     D:2: 985 daAuts
     D:1: 982 daAuts
     D:3: 465 daAuts
